 Dungeon Crawl Stone Soup version 0.30-a0-743-gbfdf073431 (webtiles) character file.

Game seed: 4050612043126494356

295215 browni3141 the Warrior (level 20, -7/138 (164) HPs)
             Began as a Mummy Cinder Acolyte on Feb 8, 2023.
             Was an Initiate of Ignis.
             Killed by divine providence
             ... invoked by a sphinx
              (14 damage)
             ... on level 3 of the Vaults.
             The game lasted 03:11:27 (62195 turns).

browni3141 the Warrior (Mummy Cinder Acolyte)      Turns: 62195, Time: 03:11:28

HP:   -7/138 (164)  AC: 31    Str: 26    XL:     20   Next: 5%
MP:   22/22         EV: 16    Int: 14    God:    Ignis [......]
Gold: 1405          SH: 23    Dex: 14    Spells: 21/21 levels left

rFire   . . .      SeeInvis .    a - +2 trident (venom)
rCold   + + +      Faith    +    Q - +0 tower shield
rNeg    + + +      Spirit   .    I - +8 ice dragon scales "Juren" {+Blink +Inv rF- rC++ Regen+ Slay+2}
rPois   ∞          Reflect  +    M - +1 helmet
rElec   .          Harm     .    U - +0 cloak {Stlth+}
rCorr   .          Rampage  .    s - +1 pair of gloves "Liaxt" {Will+ Dex+3}
Will    +++..                    H - +1 pair of boots
Stlth   +++                      g - amulet "Tuur Zemov" {Reflect rN+ Str+2 Int-4 SH+5}
HPRegen 1.23/turn                l - ring of Giz Cim {rPois rF+ rC+ Int+3}
MPRegen 0.18/turn                P - ring "Hofrou" {EV+5 Dex+3}

@: marked, studying Evocations, heavily drained
A: cold resistance 1, negative energy resistance 3, torment resistance 2, heat
vulnerability 1, in touch with death 2, no potions, faith
}: 2/15 runes: barnacled, gossamer
a: Renounce Religion, Evoke Blink, Evoke Invisibility, Rising Flame


You were on level 3 of the Vaults.
You worshipped Ignis.
Ignis was noncommittal.
You visited 7 branches of the dungeon, and saw 35 of its levels.
You visited the Abyss 1 time.
You visited 1 bazaar.
You also visited: Sewer, Gauntlet and Ice Cave.

You collected 4394 gold pieces.
You spent 2989 gold pieces at shops.

Inventory:

Hand Weapons
 a - a +2 trident of venom (weapon)
 b - the +7 sling "Kyobeum" {flame, rF+ rC- rCorr MP+9}
   (You found it on level 2 of the Dungeon)

   rF:        It protects you from fire.
   rC:        It makes you vulnerable to cold.
   MP:        It affects your magic capacity (+9).
   rCorr:     It protects you from acid and corrosion.
 i - a +1 trident of freezing
 x - the +2 flail of Compulsion {venom, Will+ Dex+2}
   (You took it off an orc on level 5 of the Dungeon)

   Dex:       It affects your dexterity (+2).
   Will:      It increases your willpower.
 J - a +1 heavy trident
 Y - a +1 trident of flaming
Missiles
 f - 32 boomerangs (quivered)
 j - 3 boomerangs of dispersal
 w - a silver boomerang
 A - 9 atropa-tipped darts
 E - 10 throwing nets
 K - 15 javelins
 S - 6 datura-tipped darts
 V - 11 silver javelins
 W - a curare-tipped dart
Armour
 h - a +0 kite shield
 s - the +1 pair of gloves "Liaxt" (worn) {Will+ Dex+3}
   (You took it off Nikola on level 1 of the Vaults)

   Dex:       It affects your dexterity (+3).
   Will:      It increases your willpower.
 D - a +2 scale mail of cold resistance
 F - the +3 chain mail of Yblont {rN+}
   (You found it on level 7 of the Dungeon)

   rN:        It protects you from negative energy.
 H - a +1 pair of boots (worn)
 I - the +8 ice dragon scales "Juren" (worn) {+Blink +Inv rF- rC++ Regen+ Slay+2}
   (You found it in an ice cave)

   Slay:      It affects your accuracy & damage with ranged weapons and melee
   (+2).
   rF:        It makes you vulnerable to fire.
   rC:        It greatly protects you from cold.
   +Inv:      It lets you turn invisible.
   +Blink:    It lets you blink.
   Regen:     It increases your rate of health regeneration.
 M - a +1 helmet (worn)
 Q - a +0 tower shield (worn)
 U - a +0 cloak of stealth (worn)
Jewellery
 g - the amulet "Tuur Zemov" (around neck) {Reflect rN+ Str+2 Int-4 SH+5}
   (You bought it in a shop on level 2 of the Orcish Mines)

   [amulet of reflection]

   It reflects blocked missile attacks.
   Str:       It affects your strength (+2).
   Int:       It affects your intelligence (-4).
   rN:        It protects you from negative energy.
   SH:        It affects your SH (+5).
 l - the ring of Giz Cim (left hand) {rPois rF+ rC+ Int+3}
   (You found it in an ice cave)

   [ring of protection from cold]

   Int:       It affects your intelligence (+3).
   rF:        It protects you from fire.
   rC:        It protects you from cold.
   rPois:     It protects you from poison.
 u - a +6 ring of strength
 B - a ring of willpower
 C - the ring "Ychogh" {rF- rC+ rN+ Will+ rCorr}
   (You found it in an ice cave)

   [ring of protection from cold]

   rF:        It makes you vulnerable to fire.
   rC:        It protects you from cold.
   rN:        It protects you from negative energy.
   rCorr:     It protects you from acid and corrosion.
   Will:      It increases your willpower.
 N - a ring of see invisible
 P - the ring "Hofrou" (right hand) {EV+5 Dex+3}
   (You found it in a Gauntlet)

   [ring of evasion]

   EV:        It affects your evasion (+5).
   Dex:       It affects your dexterity (+3).
Wands
 c - a wand of polymorph (6)
 k - a wand of iceblast (8)
 v - a wand of charming (17)
 y - a wand of flame (32)
 Z - a wand of digging (23)
Scrolls
 e - 4 scrolls of fog
 m - 13 scrolls of teleportation
 n - 2 scrolls of vulnerability
 o - 4 scrolls of silence
 p - 3 scrolls of blinking
 q - 6 scrolls of enchant armour
 r - 3 scrolls of fear
 t - 4 scrolls of immolation
 z - 6 scrolls of magic mapping
 G - 2 scrolls of brand weapon
 L - 10 scrolls of noise
 O - a scroll of poison
 R - 3 scrolls of torment
Miscellaneous
 d - a box of beasts (inert)
 T - a phantom mirror
 X - a phial of floods


   Skills:
 * Level 16.1 Fighting
 - Level 2.4(9.3) Axes
 - Level 13.8(14.0) Polearms
 - Level 7.0 Ranged Weapons
 * Level 7.8 Throwing
 - Level 12.0 Armour
 - Level 8.0 Dodging
 + Level 7.9 Stealth
 * Level 13.3 Shields
 - Level 1.3 Spellcasting
 - Level 2.4 Fire Magic
 * Level 13.4 Evocations


You had 21 spell levels left.
You didn't know any spells.
Your spell library contained the following spells:

 Spells                   Type           Power      Damage    Failure   Level
 Scorch                   Fire           14%        2d6       80%         2
 Freeze                   Ice            0%         1d3       94%         1
 Kiss of Death            Conj/Necr      8%         2d6       94%         1
 Necrotise                Necr           8%         1d4       94%         1
 Sting                    Tmut/Pois      0%         1d3       94%         1
 Blink                    Tloc           0%         N/A       98%         2
 Cigotuvi's Dreadful Rot  Necr/Pois/Air  4%         N/A       98%         2
 Ensorcelled Hibernation  Hex/Ice        0%         N/A       98%         2
 Lesser Beckoning         Tloc           0%         N/A       98%         2
 Momentum Strike          Conj/Tloc      0%         3d8       98%         2
 Poisonous Vapours        Pois/Air       0%         N/A       98%         2
 Ignite Poison            Fire/Tmut/Pois 3%         N/A       99%         3
 Kindle Blastsparks       Fire/Tloc/Air  6%         2d10      99%         3
 Confusing Touch          Hex            0%         N/A       100%        3
 Dazzling Flash           Conj/Hex       0%         N/A       100%        3
 Frozen Ramparts          Ice            0%         1d1       100%        3
 Gell's Gravitas          Tloc           0%         N/A       100%        3
 Hailstorm                Conj/Ice       0%         3d3       100%        3
 Mephitic Cloud           Conj/Pois/Air  0%         N/A       100%        3
 Stone Arrow              Conj/Erth      0%         3d7       100%        3
 Teleport Other           Tloc           0%         N/A       100%        3
 Tukima's Dance           Hex            0%         N/A       100%        3
 Anguish                  Hex/Necr       1%         N/A       100%        4
 Cause Fear               Hex            0%         N/A       100%        4
 Dispel Undead            Necr           2%         3d7       100%        4
 Flame Wave               Conj/Fire      4%         2d5       100%        4
 Iskenderun's Mystic Bla  Conj/Tloc      0%         2d3       100%        4
 Leda's Liquefaction      Hex/Erth       0%         N/A       100%        4
 Manifold Assault         Tloc           0%         N/A       100%        4
 Passage of Golubria      Tloc           0%         N/A       100%        4
 Petrify                  Tmut/Erth      0%         N/A       100%        4
 Alistair's Intoxication  Tmut/Pois      0%         N/A       100%        5
 Fireball                 Conj/Fire      2%         3d4       100%        5
 Irradiate                Conj/Tmut      0%         3d11      100%        5
 Iskenderun's Battlesphe  Conj           0%         2d6       100%        5
 Lee's Rapid Deconstruct  Erth           0%         3d4*      100%        5
 Silence                  Hex/Air        0%         N/A       100%        5
 Yara's Violent Unravell  Hex/Tmut       0%         3d3       100%        5
 Conjure Ball Lightning   Conj/Air       0%         3x3d6     100%        6
 Iron Shot                Conj/Erth      0%         9d1       100%        6
 Simulacrum               Ice/Necr       1%         N/A       100%        6
 Starburst                Conj/Fire      2%         6d3       100%        6
 Summon Cactus Giant      Summ           0%         N/A       100%        6
 Enfeeble                 Hex            0%         N/A       100%        7
 Orb of Destruction       Conj           0%         9d5       100%        7
 Summon Hydra             Summ           0%         N/A       100%        7
 Infestation              Necr           1%         N/A       100%        8
 Dragon's Call            Summ           0%         N/A       100%        9
 Sublimation of Blood     Necr           Unusable   N/A       N/A         2
 Ice Form                 Ice/Tmut       Unusable   N/A       N/A         4
 Dragon Form              Tmut           Unusable   N/A       N/A         7
 Storm Form               Tmut/Air       Unusable   N/A       N/A         7

Dungeon Overview and Level Annotations

Branches:
Dungeon (15/15)            Temple (0/1) D:4            Lair (5/5) D:10
 Shoals (4/4) Lair:2       Spider (4/4) Lair:3        Slime (0/5) Lair:5
    Orc (2/2) D:12            Elf (0/3) Orc:2        Vaults (3/5) D:13
 Depths (2/4) D:15          Sewer (visited)           IceCv (visited)
Gauntlet (visited)
  Crypt: Vaults:2-3

Altars:
Fedhas
Gozag
Kikubaaqudgha
Makhleb
Nemelex Xobeh
Okawaru
Sif Muna
Uskayaw
Vehumet
Wu Jian
Xom
Yredelemnul
Jiyva

Shops:
D:14 :   Orc:2 ([=*   Shoals:4 :   Vaults:2 (   Vaults:3 :

Portals:
Hell: Depths:1 Depths:2
Pandemonium: Depths:2
Ziggurat: Depths:1
Trove: D:11 (give +3 storm dragon scales)


Innate Abilities, Weirdness & Mutations

You are immune to poison.
Your flesh is cold resistant. (rC+)
You are immune to negative energy. (rN+++)
You are immune to unholy pain and torment.
You are vulnerable to heat. (rF-)
You are strongly in touch with the powers of death.
You do not drink.
You have a special connection with the divine. (Faith)


Message History

* * * LOW HITPOINT WARNING * * *
Your mature batfire beast breathes flames at the ironbound preserver.
The blast of flame hits the ironbound preserver!!!
The ironbound preserver dies!
There is an open door here.
As you read the scroll of fear, it crumbles to dust.
You assume a fearsome visage.
The yaktaur captain looks frightened!
The ironbound preserver looks frightened!
The vault sentinel looks frightened! x2
The ironbound preserver hums to itself desperately, trying to keep calm.
Your mature batfire beast breathes flames at the yaktaur captain.
The blast of flame hits the yaktaur captain!!!
Your mature batfire beast's attack snaps the yaktaur captain out of its fear.
The yaktaur captain shoots a bolt.
The bolt hits you!!
* * * LOW HITPOINT WARNING * * *
Okay, then.
As you read the scroll of fear, it crumbles to dust.
You assume a fearsome visage.
The yaktaur captain looks frightened!
The vault sentinel prays for help.
The vault sentinel almost stumbles in trying to escape.
Okay, then.
Unknown command.
You feel drained.
You fail to use your ability.
Your mature batfire beast hits the yaktaur captain!
The vault sentinel gibbers meaninglessly.
The yaktaur captain cowers, then darts away.
You feel drained.
You fail to use your ability.
Cornered, the vault sentinel turns to fight!
An ironbound convoker comes into view. It is wielding a +0 dire flail.
Your mature batfire beast breathes flames at the yaktaur captain.
The blast of flame hits the yaktaur captain!!!
The yaktaur captain dies!
The blast of flame hits the vault sentinel!!!
The vault sentinel dies!
Unknown command.
A sphinx comes into view.
The vault sentinel blows a loud note on a signal horn!
The sphinx casts a spell.
Something smites you!
You die...

##### ####p..#
##......########
........#......#
..[.....#......#
###'#......########
###)..#......#......#
##....@#......#......#
##....)H))..>..#......#
##....)..#).....#......#
#.....####......+......#
##....##..#......#......#
#...p##...#....∩.########
#..).#..!.#......#
#..H.'....#....(.#
##''##########+#######


You could see a sphinx, a vault sentinel (catching breath), an ironbound
convoker (ally target) and a friendly mature batfire beast (summoned, catching
breath).

Vanquished Creatures
  Arachne (Spider:2)
  A lich (Depths:1)
  A titan (Vaults:3)
  Polyphemus (Shoals:1)
  A sphinx (Vaults:1)
  Donald (Spider:2)
  The ghost of Ustreg the Blocker, an adept DsGl of Uskayaw (Lair:3)
  3 fire giants
  5 frost giants
  Ilsuiw (Shoals:3)
  2 azure jellies
  An iron dragon (Depths:1)
  8 emperor scorpions
  4 vault wardens
  2 ghost moths (Spider:4)
  2 balrugs (Depths:1)
  An orc warlord (Orc:1)
  4 broodmothers
  3 ironbound thunderhulks
  5 stone giants
  4 very ugly things
  10 ironbound preservers
  A minotaur (Gauntlet)
  5 spark wasps
  5 merfolk javelineers
  2 ettins
  7 merfolk impalers
  4 fire dragons
  Josephine (Lair:4)
  6 great orbs of eyes
  4 entropy weavers
  A yaktaur captain (Vaults:2)
  The ghost of Folaraff the Cleaver, a journeyman HOFi of Gozag (Lair:1)
  A spriggan air mage (Depths:2)
  14 centaur warriors
  5 vault guards (D:13)
  6 hydras
  An anaconda (Lair:4)
  3 boulder beetles
  3 ironbound frosthearts
  A catoblepas (Shoals:2)
  5 ice dragons
  21 death yaks
  3 merfolk avatars
  11 two-headed ogres
  An alligator snapping turtle (Shoals:2)
  4 satyrs (Shoals:3)
  A tengu warrior (Depths:1)
  3 jorogumos (Spider:4)
  A merfolk aquamancer (Shoals:4)
  An orc high priest (Orc:2)
  A sun demon (Depths:2)
  Urug (Orc:2)
  A soul eater (Depths:1)
  2 spriggan berserkers (Depths:2)
  3 pharaoh ants
  2 sun moths
  A sixfirhy (Depths:1)
  6 sea snakes
  4 skeletal warriors (D:12)
  29 deep trolls
  16 orb spiders
  A flayed ghost (Depths:2)
  3 glowing orange brains
  14 ironbound convokers
  A deep elf archer (D:13)
  5 lindwurms
  5 harpies
  8 steelbarb worms
  2 orc knights (Orc:1)
  6 wizards
  2 necromancers
  31 ugly things
  16 wolf spiders
  20 manticores
  3 deep elf pyromancers
  3 orc sorcerers
  17 elephants
  8 cyclopes
  A moth of wrath (Spider:3)
  A molten gargoyle (Lair:5)
  12 fauns
  2 demonic crawlers
  5 merfolk sirens
  4 water nymphs
  An ice statue (IceCv)
  3 naga magi (D:15)
  7 black mambas
  7 vault sentinels
  A centaur zombie (D:15)
  4 torpor snails
  A hellion (Depths:2)
  A centaur skeleton (D:15)
  11 cane toads
  9 unseen horrors
  A rime drake (Shoals:3)
  13 komodo dragons
  12 yaktaurs
  3 tengu conjurers
  A freezing wraith (D:15)
  7 wind drakes
  6 trolls
  2 queen bees
  26 merfolk
  A queen bee (shapeshifter) (D:15)
  7 hornets
  3 polar bears
  32 tarantellas
  14 blink frogs
  A wolf spider simulacrum (D:14)
  6 meliai
  Prince Ribbit (D:8)
  10 dream sheep
  A harpy skeleton (D:15)
  3 raiju (Gauntlet)
  17 culicivoras
  13 snapping turtles
  38 slime creatures
  2 centaur simulacra (D:15)
  9 water elementals
  3 shadows
  22 jumping spiders
  3 wyverns
  7 wraiths
  A human (D:13)
  47 yaks
  3 steam dragons (Shoals:3)
  7 basilisks
  5 vampire mosquitoes (D:13)
  40 redbacks
  Menkaure (D:4)
  3 acid dragons
  4 hell hounds (Lair:5)
  13 water moccasins
  A small abomination (Gauntlet)
  A meliai simulacrum (D:14)
  5 black bears
  A floating eye (Depths:2)
  4 ice beasts
  4 ogres
  24 orc warriors
  15 centaurs
  3 great orb of eyes simulacra (IceCv)
  4 wolves (Lair:3)
  3 phantoms
  4 slime creature simulacra (IceCv)
  4 kobold brigands
  5 bullfrogs
  A gnoll sergeant (D:7)
  3 scorpions
  A necrophage (D:5)
  A two-headed ogre simulacrum (D:11)
  7 wights
  2 glowing shapeshifter simulacra (IceCv)
  2 troll zombies (D:12)
  27 killer bees
  3 electric eels
  5 lava snakes (Lair:5)
  3 hounds (D:5)
  4 jellies (Lair:4)
  13 orc priests
  4 iguanas
  2 gnoll boudas
  20 orc wizards
  A troll simulacrum (D:11)
  3 lightning spires (Gauntlet)
  2 shapeshifter simulacra (IceCv)
  6 ogre zombies (D:12)
  14 gnolls
  11 adders
  A naga simulacrum (D:11)
  6 river rats (Sewer)
  A shadow imp (D:6)
  4 white imps
  3 worms
  4 dart slugs
  50 orcs
  4 endoplasms
  4 giant cockroaches
  5 goblins
  7 hobgoblins
  3 jackals
  3 quokkas
  8 ball pythons
  9 bats
  2 frilled lizards (Sewer)
  A goblin skeleton (D:12)
  2 goblin zombies (D:12)
  28 kobolds
  4 orc skeletons (D:12)
  18 orc zombies (D:12)
  4 rats
1237 creatures vanquished.

Vanquished Creatures (collateral kills)
  Bai Suzhen (Spider:3)
  Nikola (Vaults:1)
  2 vault wardens
  Louise (Spider:2)
  An ironbound preserver (Vaults:3)
  A yaktaur captain (Vaults:3)
  An entropy weaver (Spider:4)
  2 ogre magi (D:15)
  A radroach (Spider:4)
  2 two-headed ogres (D:15)
  A pharaoh ant (Spider:3)
  A steelbarb worm (Spider:2)
  2 lindwurms (Vaults:1)
  A wolf spider (Spider:2)
  A merfolk siren (Shoals:3)
  A moth of wrath (Spider:4)
  A demonic crawler (Spider:2)
  An elephant (Lair:2)
  A molten gargoyle (Lair:5)
  2 vault sentinels
  3 yaktaurs (Vaults:2)
  A merfolk (Shoals:3)
  4 tarantellas
  A hornet (Spider:4)
  4 jumping spiders
  4 slime creatures
  2 redbacks
  A water moccasin (Lair:5)
  An ogre (D:15)
  An orc (Orc:2)
47 creatures vanquished.

Vanquished Creatures (others)
  A ghost moth (Spider:4)
  A merfolk impaler (Shoals:4)
  A merfolk aquamancer (Shoals:4)
  A manticore (Shoals:1)
  A deep elf pyromancer (D:13)
  A rime drake (Shoals:3)
  A merfolk (Shoals:3)
  A wind drake (Shoals:3)
  A culicivora (Spider:2)
  A small abomination (Gauntlet)
  A steam dragon (Shoals:3)
  A redback (Spider:1)
  A killer bee (Spider:4)
  An orc wizard (D:11)
  A quokka (D:15)
  32 fungi
  82 plants
  5 toadstools (D:1)
  A withered plant (D:4)
135 creatures vanquished.

Grand Total: 1419 creatures vanquished

Notes
Turn   | Place    | Note
-------+----------+-------------------------------------------
     0 | D:1      | browni3141 the Mummy Cinder Acolyte began the quest for the
                  | Orb.
     0 | D:1      | Reached XP level 1. HP: 18/18 MP: 2/2
   133 | D:1      | Reached skill level 1 in Polearms
   645 | D:1      | Reached XP level 2. HP: 24/24 MP: 4/4
  1281 | D:2      | Identified the +7 sling "Kyobeum" {flame, rF+ rC- rCorr
                  | MP+9}
  1336 | D:2      | Gained mutation: You are in touch with the powers of death.
                  | [Mummy growth]
  1336 | D:2      | Reached XP level 3. HP: 29/29 MP: 0/5
  1402 | D:2      | Found a hide-covered altar of Uskayaw.
  1982 | D:3      | Found a sparkling altar of Nemelex Xobeh.
  2247 | D:3      | Reached skill level 1 in Ranged Weapons
  2678 | D:3      | Reached XP level 4. HP: 35/35 MP: 6/6
  2749 | D:3      | Found a blossoming altar of Fedhas.
  3409 | D:4      | Noticed Menkaure
  3413 | D:4      | Killed Menkaure
  3414 | D:4      | Reached XP level 5. HP: 29/41 MP: 7/7
  3439 | D:4      | Found a glowing drain.
  3481 | Sewer    | Entered a sewer
  3534 | Sewer    | Reached XP level 6. HP: 47/47 MP: 8/8
  4255 | D:4      | Found an ancient bone altar of Kikubaaqudgha.
  4603 | D:4      | Found a staircase to the Ecumenical Temple.
  4726 | D:5      | Entered Level 5 of the Dungeon
  4833 | D:5      | Noticed a +0 spear
  4833 | D:5      | Noticed a +0 falchion
  4833 | D:5      | Noticed a +0 dagger
  4833 | D:5      | Noticed a +0 falchion
  4833 | D:5      | Noticed a +0 short sword
  4833 | D:5      | Noticed a +0 dagger
  4833 | D:5      | Noticed a +0 spear
  4835 | D:5      | Noticed a +0 short sword
  4840 | D:5      | Reached XP level 7. HP: 48/52 MP: 9/9
  4957 | D:5      | Noticed a hornet
  4966 | D:5      | Killed a hornet
  4967 | D:5      | Reached skill level 5 in Ranged Weapons
  5161 | D:5      | Reached skill level 5 in Polearms
  5616 | D:4      | Found an ancient bone altar of Kikubaaqudgha.
  5789 | D:4      | Reached XP level 8. HP: 19/58 MP: 2/10
  5933 | D:4      | Found a staircase to the Ecumenical Temple.
  6050 | D:5      | Identified the +2 flail of Compulsion {venom, Will+ Dex+2}
  6051 | D:5      | Reached skill level 1 in Evocations
  6248 | D:5      | Found a hide-covered altar of Uskayaw.
  7266 | D:6      | Reached XP level 9. HP: 29/64 MP: 6/11
  7762 | D:6      | Found an iron altar of Okawaru.
  8217 | D:7      | Reached skill level 4 in Fighting
  8532 | D:7      | Identified the +3 chain mail of Yblont {rN+}
  9404 | D:7      | Reached skill level 1 in Armour
  9829 | D:8      | Reached skill level 5 in Fighting
 10012 | D:8      | Found a burning altar of Makhleb.
 10014 | D:8      | Noticed a balrug
 10050 | D:8      | Found an opulent altar of Gozag.
 10082 | D:8      | Reached skill level 1 in Throwing
 10333 | D:8      | Reached XP level 10. HP: 74/74 MP: 12/12
 10458 | D:8      | Found a shimmering blue altar of Sif Muna.
 10569 | D:8      | Noticed Prince Ribbit
 10587 | D:8      | Killed Prince Ribbit
 10834 | D:8      | Found a blossoming altar of Fedhas.
 10834 | D:8      | Found a radiant altar of Vehumet.
 10836 | D:8      | Found a basalt altar of Yredelemnul.
 10836 | D:8      | Found a shimmering altar of Xom.
 10836 | D:8      | Found a shimmering blue altar of Sif Muna.
 11304 | D:9      | Noticed a two-headed ogre
 11340 | D:9      | Killed a two-headed ogre
 11341 | D:9      | Reached skill level 6 in Fighting
 11759 | D:10     | Entered Level 10 of the Dungeon
 11876 | D:10     | Found a staircase to the Lair.
 12119 | D:10     | Found a radiant altar of Vehumet.
 12282 | Lair:1   | Entered Level 1 of the Lair of Beasts
 12328 | Lair:1   | Noticed a cane toad
 12349 | Lair:1   | Killed a cane toad
 12350 | Lair:1   | Reached skill level 5 in Armour
 13013 | Lair:1   | Noticed a cane toad
 13025 | Lair:1   | Killed a cane toad
 13357 | Lair:1   | Found a transporter.
 13361 | Lair:1   | Noticed Folaraff's ghost (journeyman HOFi)
 13362 | Lair:1   | Found a transporter.
 13695 | Lair:2   | Reached XP level 11. HP: 57/81 MP: 8/13
 14288 | Lair:2   | Found a staircase to the Shoals.
 14438 | Lair:2   | Noticed a six-headed hydra
 14808 | Lair:2   | Killed a one-headed hydra
 15567 | Lair:3   | Reached skill level 1 in Shields
 15771 | Lair:3   | Noticed a death yak
 15771 | Lair:3   | Noticed a death yak
 15814 | Lair:3   | Noticed a death yak
 15815 | Lair:3   | Noticed a death yak
 15886 | Lair:3   | Found a gate leading to a gauntlet.
 15897 | Gauntlet | Entered a Gauntlet
 15897 | Gauntlet | Found a transporter.
 15897 | Gauntlet | Found a transporter.
 15897 | Gauntlet | Found a transporter.
 15904 | Gauntlet | Noticed a wizard
 16042 | Gauntlet | Found a transporter.
 16043 | Gauntlet | Found a transporter.
 16048 | Gauntlet | Noticed a blizzard demon
 16053 | Gauntlet | Found a transporter.
 16057 | Gauntlet | Found a transporter.
 16072 | Gauntlet | Found a transporter.
 16159 | Gauntlet | Found a transporter.
 16169 | Gauntlet | Found a transporter.
 16173 | Gauntlet | Found a transporter.
 16185 | Gauntlet | Found a transporter.
 16381 | Gauntlet | HP: 4/81 [small abomination (7)]
 17957 | Gauntlet | Identified the ring "Hofrou" {EV+5 Dex+3}
 18400 | Gauntlet | Identified the +0 scale mail of Ru's Righteous Fury {Dex+6}
 18448 | Gauntlet | Noticed a minotaur
 18466 | Gauntlet | Killed a minotaur
 18494 | Gauntlet | Got the Codex of the Viridian Familiar
 18494 | Gauntlet | Got Amuyfo's Atlas of Solid Movement
 18561 | Lair:3   | Noticed a death yak
 18564 | Lair:3   | Noticed a death yak
 18589 | Lair:2   | Killed a death yak
 18590 | Lair:2   | Reached XP level 12. HP: 76/88 MP: 14/14
 19014 | Lair:3   | Reached skill level 5 in Shields
 19299 | Lair:3   | Found a runed translucent door.
 19305 | Lair:3   | Noticed Ustreg's ghost (adept DsGl)
 19358 | Lair:3   | Found a hole to the Spider Nest.
 19472 | Lair:3   | Identified the +1 ring mail of Gutelott {rCorr Stlth+}
 19612 | Lair:3   | Killed a death yak
 19721 | Lair:3   | Noticed a six-headed hydra
 19807 | Lair:3   | Killed a six-headed hydra
 19808 | Lair:3   | Reached skill level 10 in Polearms
 19965 | Lair:3   | Killed a death yak
 20229 | Lair:3   | Killed a death yak
 20230 | Lair:3   | Reached skill level 7 in Fighting
 20289 | Lair:3   | Killed a death yak
 20371 | Lair:3   | Killed a death yak
 20577 | Lair:3   | Found a hole to the Spider Nest.
 21652 | Lair:3   | Reached skill level 8 in Fighting
 22510 | Lair:4   | Gained mutation: You are strongly in touch with the powers
                  | of death. [Mummy growth]
 22510 | Lair:4   | Reached XP level 13. HP: 100/100 MP: 15/15
 22831 | Lair:4   | Reached skill level 9 in Fighting
 23098 | Lair:4   | Noticed an azure jelly
 23112 | Lair:4   | Killed an azure jelly
 23518 | Lair:4   | Noticed Josephine
 23570 | Lair:4   | Killed Josephine
 23756 | Lair:5   | Entered Level 5 of the Lair of Beasts
 24569 | Lair:4   | Reached skill level 10 in Fighting
 25350 | Lair:5   | Found a staircase to the Slime Pits.
 25350 | Lair:5   | Found a viscous altar of Jiyva.
 25753 | Lair:5   | Identified the +1 dire flail of Wariness {freeze, Int+2}
 25876 | Lair:5   | Reached skill level 10 in Shields
 26385 | Lair:5   | Reached XP level 14. HP: 43/110 MP: 16/16
 27361 | Lair:5   | Found a viscous altar of Jiyva.
 28189 | Lair:5   | Found a staircase to the Slime Pits.
 28704 | Lair:5   | Found a viscous altar of Jiyva.
 28705 | Lair:5   | Found a staircase to the Slime Pits.
 29136 | Lair:5   | Found a large runed translucent door.
 29201 | Lair:5   | Found a large runed translucent door.
 30168 | D:11     | Found a frozen archway.
 30255 | IceCv    | Entered an ice cave
 32365 | IceCv    | Found a viscous altar of Jiyva.
 32365 | IceCv    | Noticed an azure jelly
 32379 | IceCv    | Killed an azure jelly
 32400 | IceCv    | Reached skill level 5 in Evocations
 32410 | IceCv    | Identified the +8 ice dragon scales "Juren" {+Blink +Inv
                  | rF- rC++ Regen+ Slay+2}
 32419 | IceCv    | Got the ring of Giz Cim {rPois rF+ rC+ Int+3}
 32424 | IceCv    | Got the ring "Ychogh" {rF- rC+ rN+ Will+ rCorr}
 32560 | D:11     | Found a portal to a secret trove of treasure.
 33468 | D:12     | Found a staircase to the Orcish Mines.
 34666 | Orc:1    | Entered Level 1 of the Orcish Mines
 34901 | Orc:2    | Entered Level 2 of the Orcish Mines
 35134 | Orc:1    | Reached skill level 11 in Fighting
 35333 | Orc:2    | Found a staircase to the Elven Halls.
 35660 | Orc:2    | Noticed Urug
 35676 | Orc:2    | Noticed an orc warlord
 35694 | Orc:2    | Killed Urug
 36071 | Orc:1    | Killed an orc warlord
 36072 | Orc:1    | Reached XP level 15. HP: 104/118 MP: 17/17
 36179 | Orc:2    | Found Pywapere's General Store.
 36431 | Orc:2    | Found Iseirine's Antique Armour Shop.
 36446 | Orc:2    | Found Buvyana's Antique Weapon Shop.
 36480 | Orc:2    | Found Fashrych's Jewellery Shop.
 36727 | Orc:2    | Bought a wand of iceblast (4) for 124 gold pieces
 36727 | Orc:2    | Bought a scroll of fear for 52 gold pieces
 36727 | Orc:2    | Bought a +1 pair of gloves of stealth for 214 gold pieces
 36727 | Orc:2    | Bought a scroll of fog for 52 gold pieces
 36755 | Orc:2    | Bought the amulet "Tuur Zemov" {Reflect rN+ Str+2 Int-4
                  | SH+5} for 444 gold pieces
 37371 | D:13     | Reached skill level 1 in Stealth
 37388 | D:13     | Reached skill level 1 in Dodging
 37781 | D:13     | Found a gate to the Vaults.
 38475 | D:14     | Found Taf Qagh's Book Emporium.
 38674 | D:14     | You fall into a shaft and drop 1 floor!
 38674 | D:15     | Entered Level 15 of the Dungeon
 39087 | D:15     | Found a staircase to the Depths.
 39776 | D:15     | Reached skill level 12 in Fighting
 40272 | Abyss:2  | Found a corrupted altar of Lugonu.
 40272 | Abyss:2  | Cast into level 2 of the Abyss (a wizard)
 40283 | D:15     | Escaped the Abyss
 40397 | D:14     | Found an ornate altar of the Wu Jian Council.
 40859 | Spider:1 | Entered Level 1 of the Spider Nest
 41039 | Spider:1 | Reached XP level 16. HP: 44/127 MP: 18/18
 41820 | Spider:1 | Identified the +1 ring mail of Tiukeqiy {rCorr Str+7 Int-2}
 41838 | Spider:1 | Identified the +4 short sword of Kickuvu {freeze, rPois
                  | Stlth+}
 42376 | Lair:3   | Found a hole to the Spider Nest.
 44002 | Spider:2 | Noticed Arachne
 44051 | Spider:2 | Killed Arachne
 44114 | Spider:2 | Reached skill level 5 in Stealth
 44287 | Spider:2 | Noticed Donald
 44311 | Spider:2 | Killed Donald
 44485 | Spider:2 | Reached skill level 10 in Armour
 45432 | Spider:2 | Noticed Louise
 45438 | Spider:2 | Killed Louise
 45743 | Spider:3 | Reached skill level 5 in Dodging
 46387 | Spider:3 | Noticed Bai Suzhen
 46413 | Spider:3 | Killed Bai Suzhen
 46889 | Spider:4 | Entered Level 4 of the Spider Nest
 46959 | Spider:4 | Reached skill level 13 in Fighting
 47184 | Spider:4 | Reached XP level 17. HP: 136/136 MP: 19/19
 49440 | Spider:4 | Got a gossamer rune of Zot
 49645 | Shoals:1 | Entered Level 1 of the Shoals
 50754 | Shoals:2 | Noticed Polyphemus
 50818 | Shoals:1 | Killed Polyphemus
 51768 | Shoals:3 | Reached skill level 14 in Fighting
 51905 | Shoals:3 | Got the Compilation of Morbid Hyperthermia
 52398 | Shoals:3 | Reached XP level 18. HP: 145/146 MP: 20/20
 52489 | Shoals:3 | Noticed Ilsuiw
 52547 | Shoals:3 | Killed Ilsuiw
 52718 | Shoals:4 | Entered Level 4 of the Shoals
 52879 | Shoals:4 | Found Gaodd's Vocational Training.
 52891 | Shoals:4 | Bought a manual of Evocations for 1520 gold pieces
 53584 | Shoals:4 | Got a barnacled rune of Zot
 53639 | Shoals:4 | Reached skill level 10 in Evocations
 53711 | Shoals:4 | Found the +8 Wrath of Trog {antimagic, *Rage Rampage}
 53828 | Shoals:4 | Got the Papyrus of the Warped Wyrd
 54300 | Lair:1   | Killed Folaraff's ghost
 54438 | Lair:3   | Killed Ustreg's ghost
 54708 | Depths:1 | Entered Level 1 of the Depths
 54948 | Depths:1 | Found a one-way gateway to a ziggurat.
 54950 | Depths:1 | Identified the +4 long sword of Sudden Death {venom, Drain
                  | rPois rCorr Str-4}
 54995 | Depths:1 | Found a flickering gateway to a bazaar.
 55025 | Bazaar   | Entered a bazaar
 55025 | Bazaar   | Found Nutututa's Antique Weapon Boutique.
 55025 | Bazaar   | Found Sairgharr's Assorted Antiques.
 55025 | Bazaar   | Found Kuun's Antique Weapon Shop.
 55025 | Bazaar   | Found Wokk's Book Boutique.
 55090 | Bazaar   | Bought a lead wand for 108 gold pieces
 55090 | Bazaar   | Bought a scroll of fog for 108 gold pieces
 55090 | Bazaar   | Bought a wand of charming (4) for 259 gold pieces
 55100 | Bazaar   | Bought a broad axe for 108 gold pieces
 55157 | Depths:1 | Reached skill level 5 in Throwing
 55620 | Depths:1 | Found a gateway to Hell.
 56018 | Depths:2 | Noticed a lich
 56095 | Depths:2 | Paralysed by a floating eye for 3 turns
 56317 | Depths:2 | Found a one-way gate leading to the halls of Pandemonium.
 56405 | Depths:1 | Killed a lich
 57205 | Depths:2 | Reached skill level 15 in Fighting
 57534 | Depths:1 | Reached XP level 19. HP: 155/155 MP: 21/21
 57811 | Vaults:1 | Entered Level 1 of the Vaults
 58732 | Vaults:1 | Identified the +1 pair of gloves "Liaxt" {Will+ Dex+3}
 58732 | Vaults:1 | Noticed Nikola
 58919 | Vaults:1 | Killed Nikola
 61430 | Vaults:2 | Reached skill level 16 in Fighting
 61460 | Vaults:2 | Found Gofomim's Antique Weapon Shop.
 62031 | Vaults:3 | Found Oximuso's Book Shop.
 62151 | Vaults:3 | Reached XP level 20. HP: 164/164 MP: 22/22
 62191 | Vaults:3 | HP: 2/164 [yaktaur captain/bolt (26)]
 62195 | Vaults:3 | Killed from afar by a sphinx

Illustrated notes

Levels and vault maps discovered:
D:1:      dpeg_arrival_another_circle, layout_loops_corners,
          supply_closet_lemuel, minmay_misc_feat_square,
          minmay_gold_behind_fungi, chequers_serial_rivers_large_a,
          minmay_misc_feat_hallway
D:2:      layout_rooms, basic_altar, chequers_serial_rivers_small_3,
          kennysheep_generic_room_5
D:3:      layout_basic, lemuel_coloured_pillars_altar,
          nemelex_spade_bored_becter, grunt_ministairs_9,
          dreamdust_princess_bridge, chequers_serial_rivers_small_b,
          kennysheep_generic_room_15
D:4:      layout_rooms, kiku_gazebo_garden_becter, minmay_temple_entry_poolview,
          portal_sewer_entry_d, uniq_menkaure
D:5:      layout_rooms, nicolae_uskayaw_en_pointe, nrook_pool_corridor,
          st_stairs_5
D:6:      layout_loops_corners, okawaru_altar_gauntlet_db
D:7:      layout_cave_pods, nicolae_concentric_dashed_squares_mild
D:8:      layout_loops_ring, makhleb_altar_promises_db, doesnt_xom_only_xom,
          grunt_gozag_statues, lemuel_blue_sif_altar, uniq_prince_ribbit1
D:9:      layout_rooms, zin_academy, minmay_strange_pillars
D:10:     layout_big_octagon, nicolae_vehumet_radiance, dpeg_oklobed_lair
D:11:     layout_grid_maze, enter_trove_1, portal_ice_cave_entry_ice_simulacra
D:12:     layout_basic, zombieorc2_lemuel
D:13:     layout_small_grid, grunt_vaults_entry_fortified
D:14:     layout_loops_ring, nicolae_wu_jian_wuxing_cycle, serial_ice,
          serial_ice_f, serial_ice_a, serial_ice_d, serial_ice_n, serial_shops,
          shop, library_closet
D:15:     grunt_enter_depths_magical_seal, layout_grid_maze, chequers_arboretum,
          elyvilon_altar_4
Lair:1:   layout_misc_corridors, gammafunk_ghost_hive, lemuel_fruit_tree,
          grunt_megastairs_3
Lair:2:   layout_roguey, minmay_shoals_entry_hut, nicolae_lair_grazing_beasts
          [nicolae_sub_lair_graze_edge, nicolae_sub_lair_graze_edge,
          nicolae_sub_lair_graze_edge, nicolae_sub_lair_graze_edge],
          serial_bayou_shore_b
Lair:3:   layout_concentric_octagons, spider_nest_entry_web_field,
          ebering_ghost_inner_flame, gauntlet_entry_generic, grunt_megastairs_5
Lair:4:   layout_gridlike, nicolae_lair_time_for_slime, uniq_josephine
Lair:5:   cheibrodos_lair_end_hotspot, layout_regular_city, slime_entry_1,
          st_stairs_10
Shoals:1: layout_shoals
Shoals:2: layout_shoals, uniq_polyphemus
Shoals:3: layout_shoals, nicolae_shoals_drake_roost, uniq_ilsuiw
Shoals:4: shoals_end_simple, layout_shoals, nicolae_shop_vocational
Spider:1: nicolae_spider_mines_3, hangedman_spider_tarantella_strand
Spider:2: layout_cave_pods, uniq_arachne, uniq_louise, uniq_donald
Spider:3: layout_spider_delve, uniq_bai_suzhen
Spider:4: spider_rune_water, special_room [special_room_bee]
Orc:1:    layout_diamond_mine
Orc:2:    grunt_orc_cross, layout_caves, statue_in_the_mist_lemuel
Vaults:1: v_misc_33, v_rooms_3, hangedman_vaults_cutoff, vaults_mumra_lcd,
          nicolae_vaults_three_branches, hangedman_vaults_corner_blocks,
          ontoclasm_vaults_chip, nicolae_vaults_mini_display_case,
          nicolae_vaults_shelves_hall, layout_vaults_chaotic_city, uniq_nikola
Vaults:2: vaults_room_boxed, vaults_room_pool, v_rooms_6, v_misc_17,
          nicolae_vaults_little_squares_4, ontoclasm_vaults_ligature,
          vaults_mumra_hex, layout_vaults_omnigrid, serial_shops, shop
Vaults:3: st_eye, ontoclasm_vaults_misaligned, vaults_standard_mumra_lines,
          v_rooms_6, nicolae_vaults_little_squares_4,
          minmay_crypt_entry_simple_corners, nicolae_vaults_theta, serial_ice_m,
          nicolae_vaults_ninety_degrees, nicolae_vaults_triangles, v_misc_18,
          layout_vaults_big_cross, serial_shops, shop, nicolae_shop_statue_plus,
          shop, nicolae_shop_trees
Depths:1: layout_cave_pools, enter_ziggurat_f, pf_dread_powers_of_hell,
          serial_shops, bzr_entry_gold, kennysheep_crisscross, minivault_10,
          hangedman_glass_teeth, due_unseen_surprise
Depths:2: hangedman_cross_veins, layout_basic, rand_demon_pan_entry_5,
          hangedman_coc_ice_floe, infiniplex_staircase_spiral

Skill      XL: |  1  2  3  4  5  6  7  8  9 10 11 12 13 14 15 16 17 18 19 |
---------------+----------------------------------------------------------+-----
Polearms       | 1 2 3 4 5 7 9 10 11 13 | 13.8
Ranged Weapons | 1 2 3 4 5 6 7 |  7.0
Evocations     | 4 5 7 8 9 11 13 | 13.4
Fighting       | 5 6 8 10 11 12 13 14 15 16 | 16.1
Armour         | 2 7 8 9 10 11 12 | 12.0
Throwing       | 1 2 3 5 7 |  7.8
Shields        | 4 7 10 11 12 13 | 13.3
Stealth        | 4 6 7 |  7.9
Dodging        | 3 5 7 8 |  8.0
Axes           | |  2.4
Spellcasting   | |  1.3
Fire Magic     | |  2.4

Action                     |  1- 3 |  4- 6 |  7- 9 | 10-12 | 13-15 | 16-18 | 19-21 || total
---------------------------+-------+-------+-------+-------+-------+-------+-------++-------
  Melee: Spear             |    57 |    63 |   282 |   426 |       |  1021 |       ||  1849
         Punch             |     1 |       |     4 |    18 |     1 |       |       ||    24
         Trident           |       |       |       |   499 |  2927 |  2393 |   763 ||  6582
         Hand axe          |       |       |       |    10 |       |       |       ||    10
   Fire: Sling             |    25 |   108 |   197 |   187 |       |   272 |    29 ||   818
  Throw: Boomerang         |       |       |     3 |    49 |    13 |   134 |    27 ||   226
         Dart              |       |       |       |    13 |    19 |    21 |       ||    53
         Javelin           |       |       |       |       |       |       |    19 ||    19
 Invoke: Fiery Armour      |       |       |       |     4 |     3 |     6 |       ||    13
Ability: Evoke Invisibilit |       |       |       |       |       |     1 |       ||     1
         Evoke Blink       |       |       |       |       |       |       |     4 ||     4
  Evoke: Wand              |       |       |     5 |    27 |    24 |    44 |     9 ||   109
         Phantom mirror    |       |       |       |     2 |     4 |     7 |     2 ||    15
         Phial of floods   |       |       |       |     1 |     3 |     3 |     1 ||     8
         Box of beasts     |       |       |       |       |     5 |     9 |     4 ||    18
    Use: Scroll            |       |     7 |     3 |    11 |    11 |     9 |     8 ||    49
   Stab: Distracted        |       |       |       |     2 |     1 |     5 |     1 ||     9
         Held in net/web   |       |       |       |     4 |       |       |       ||     4
         Sleeping          |       |       |       |       |    10 |    20 |     6 ||    36
         Petrified         |       |       |       |       |       |    24 |       ||    24
         Petrifying        |       |       |       |       |       |     1 |       ||     1
         Invisible         |       |       |       |       |       |     9 |       ||     9
 Armour: Robe              |     6 |       |       |       |       |       |       ||     6
         Ring mail         |     6 |    50 |    63 |       |       |       |       ||   119
         Chain mail        |       |       |    69 |   367 |   218 |       |       ||   654
         Ice dragon scales |       |       |       |       |   374 |  1506 |   238 ||  2118
         Scale mail        |       |       |       |       |    37 |       |       ||    37
  Dodge: Dodged            |    31 |    67 |   220 |   630 |   847 |  1381 |   301 ||  3477
  Block: Other             |       |       |       |   105 |     7 |       |       ||   112
         Reflection        |       |       |       |     2 |    73 |    92 |    57 ||   224
         Kite shield       |       |       |       |       |  1574 |  1506 |       ||  3080
         Tower shield      |       |       |       |       |       |  1492 |   825 ||  2317

Table legend: (Time is in decaauts)
 A = Elapsed time spent in this place.
 B = Non-inter-level travel time spent in this place.
 C = Inter-level travel time spent in this place.
 D = Time resting spent in this place.
 E = Time spent auto-exploring this place.
 F = Levels seen in this place.
 G = Mean time per level.
                   A        B        C        D        E       F      G
               +--------+--------+--------+--------+--------+-----+--------+
         Total |  61446 |  56931 |   4515 |   8787 |  31699 |  40 | 1536.2 |
       Dungeon |  18363 |  16679 |   1684 |    708 |  12673 |  15 | 1224.2 |
          Lair |  16756 |  15269 |   1487 |   2711 |   8796 |   5 | 3351.2 |
        Shoals |   5162 |   4514 |    648 |    297 |   1984 |   4 | 1290.5 |
   Spider Nest |   6745 |   6462 |    283 |    909 |   3075 |   4 | 1686.2 |
  Orcish Mines |   2070 |   1935 |    135 |    579 |    774 |   2 | 1035.0 |
        Vaults |   3683 |   3542 |    141 |    189 |   2007 |   3 | 1227.7 |
        Depths |   2895 |   2760 |    135 |    726 |    824 |   2 | 1447.5 |
         Abyss |     10 |     10 |      0 |      0 |      0 |   1 |   10.0 |
        Bazaar |     78 |     78 |      0 |      0 |     62 |   1 |   78.0 |
         Sewer |    885 |    885 |      0 |      0 |    721 |   1 |  885.0 |
      Ice Cave |   2177 |   2177 |      0 |    823 |    497 |   1 | 2177.0 |
      Gauntlet |   2615 |   2615 |      0 |   1842 |    284 |   1 | 2615.0 |
               +--------+--------+--------+--------+--------+-----+--------+

Top non-repeatable levels by time:
  Lair:3: 4781 daAuts
  Lair:5: 4104 daAuts
  Lair:4: 4004 daAuts
Gauntlet: 2615 daAuts
Spider:4: 2375 daAuts
  Lair:2: 2214 daAuts
   IceCv: 2177 daAuts
Vaults:1: 1963 daAuts
Depths:1: 1932 daAuts
    D:15: 1714 daAuts
Shoals:4: 1677 daAuts
Spider:2: 1670 daAuts
  Lair:1: 1652 daAuts
     D:7: 1581 daAuts
Vaults:2: 1563 daAuts
